 Dungeon Crawl Stone Soup version 0.31-a0-202-g547052bce9 (webtiles) character file.

Game seed: 830943505448257263

42 qw the Shooter (level 3, 0/19 (20) HPs)
             Began as a Deep Elf Hunter on June 26, 2023.
             Slain by a kobold
             ... wielding a +1 short sword of draining
              (1 damage)
             ... on level 2 of the Dungeon.
             The game lasted 00:00:22 (1201 turns).

qw the Shooter (Deep Elf Hunter)                    Turns: 1201, Time: 00:00:23

HP:   0/19 (20)     AC:  5    Str: 10    XL:     3   Next: 33%
MP:   5/5           EV: 11    Int: 13    God:
Gold: 42            SH:  0    Dex: 18    Spells: 2/2 levels left

rFire   . . .        Y - +0 shortbow
rCold   . . .        (shield currently unavailable)
rNeg    . . .        d - +0 ring mail
rPois   .            (no helmet)
rElec   .            (no cloak)
rCorr   .            (no gloves)
SInv    .            (no boots)
Will    .....        (no amulet)
Stlth   +            (no ring)
HPRegen 0.23/turn    (no ring)
MPRegen 0.09/turn

%: no passive effects
@: drained
A: no striking features
a: no special abilities


You were on level 2 of the Dungeon.
You visited 1 branch of the dungeon, and saw 2 of its levels.

You collected 42 gold pieces.


   Skills:
 - Level 1.5 Fighting
 + Level 6.9 Ranged Weapons
 - Level 2.4 Dodging
 - Level 1.2 Stealth


You had 2 spell levels left.
You didn't know any spells.
Your spell library was empty.

Inventory:

Hand Weapons
 Y - a +0 shortbow (weapon)
Armour
 d - a +0 ring mail (worn)
Scrolls
 b - a scroll of poison {unknown}
 c - 2 scrolls of identify
Potions
 a - a potion of curing {unknown}
 e - a potion of might {unknown}

Dungeon Overview and Level Annotations

Branches:
Dungeon (2/15)

Altars:


Message History

The kobold shouts! x2; You hear a shout! x2; The kobold shouts!
A kobold comes into view. It is wielding a +0 short sword.
The kobold shouts!
Found a hand axe and 4 poisoned darts.
Enter note:
Enter note:
Enter note:
Enter note:
Enter note:
Enter note: You shoot an arrow.
The arrow hits the kobold.
You kill the kobold!
A kobold comes into view.
It is wielding a +1 short sword of draining.
The kobold hits you but does no damage.
You shoot an arrow. The arrow closely misses the kobold.
The kobold closely misses you.
The kobold hits you with a +0 short sword. x2
You shoot an arrow. The arrow hits the kobold.
The kobold is heavily wounded.
The kobold hits you with a +0 dagger. The kobold closely misses you.
The kobold hits you but does no damage.
You shoot an arrow. The arrow barely misses the kobold.
The kobold hits you but does no damage.
The kobold hits you with a +0 short sword.
You shoot an arrow. The arrow hits the kobold!
You kill the kobold!
The kobold hits you with a +0 dagger.
The kobold hits you with a +0 short sword. x2
You shoot an arrow. The arrow closely misses the kobold.
The arrow barely misses the kobold.
The kobold hits you but does no damage.
The kobold hits you with a +0 short sword.
The kobold closely misses you. The kobold misses you.
The kobold closely misses you.
The kobold hits you with a +1 short sword of draining.
You feel drained.
You shoot an arrow. The arrow barely misses the kobold.
The kobold closely misses you. The kobold hits you but does no damage.
The kobold hits you with a +1 short sword of draining.
You die...

#>.# ##.# #.# #..#
#..# #.###### #..#
#.## #....... #..#
#.# ######## #..#
#.# # #..# #.# #
#..# #.######
####### #..####
#.#....#### .......
#.%...# #.K@K......
####### #.###.#
##KKK###############
#.# #.# #.).#
#......<...[ #.###.#
...). #.....######
#.....# .......
##.##.# ##..####
#.......##...#.##
#...#
#.....(.##......#
#.#.#
#.......##...#..#
#.#.# ##.##..#


You could see 5 kobolds.

Vanquished Creatures
  An adder (D:2)
  3 endoplasms
  A giant cockroach (D:1)
  3 hobgoblins
  6 kobolds
  2 ball pythons (D:1)
  6 bats
  3 frilled lizards
  4 goblins
  3 rats
32 creatures vanquished.

Notes
Turn   | Place    | Note
-------+----------+-------------------------------------------
     0 | D:1      | qw the Deep Elf Hunter began the quest for the Orb.
     0 | D:1      | Reached XP level 1. HP: 12/12 MP: 3/3
     0 | D:1      | 0 ||| qw: Version: 0.3-a-22-g0ed2b0b
     0 | D:1      | 0 ||| qw: Game counter: 5908
     0 | D:1      | 0 ||| qw: Melee chars always use a shield: true
     0 | D:1      | 0 ||| qw: God list: Okawaru
     0 | D:1      | 0 ||| qw: Allow faded altars: false
     0 | D:1      | 0 ||| qw: Do Orc after clearing Dungeon:15 true
     0 | D:1      | 0 ||| qw: Do second Lair branch before Depths: true
     0 | D:1      | 0 ||| qw: Lair rune preference: random
     0 | D:1      | 0 ||| qw: Goals: Normal
     0 | D:1      | 0 ||| PLANNING D:1-11
   100 | D:1      | Reached XP level 2. HP: 16/16 MP: 4/4
   103 | D:1      | Reached skill level 6 in Ranged Weapons
   318 | D:1      | 318 ||| UPGRADING to +0 ring mail.
   328 | D:1      | 328 ||| DROPPING +0 leather armour.
   349 | D:1      | Found a faded altar of an unknown god.
   659 | D:1      | 659 ||| READING scroll labelled EHUTUPS VOABANG.
   660 | D:1      | 660 ||| DROPPING scroll of butterflies.
   829 | D:2      | Reached XP level 3. HP: 11/20 MP: 5/5
  1200 | D:2      | HP: 5/20 [kobold/+0 short sword (3)]
  1200 | D:2      | HP: 2/20 [kobold/+1 short sword of draining (3)]
  1201 | D:2      | Slain by a kobold

Levels and vault maps discovered:
D:1:      lightli_arrival_noodles, layout_basic, shapermc_ecumenical_altar_petra
D:2:      cheibrodos_fertilizer, layout_loops_ring

Skill      XL: |  1  2 |
---------------+-------+-----
Ranged Weapons | 6 |  6.9
Fighting       | |  1.5
Dodging        | |  2.4
Stealth        | |  1.2

Action                     || total
---------------------------++-------
   Fire: Shortbow          ||    83
    Use: Scroll            ||     1
 Armour: Leather armour    ||     4
         Ring mail         ||    17
  Dodge: Dodged            ||    24

Table legend:
 A = Non-vault XP
 B = Vault XP
 C = Vault XP percentage of total XP
 D = Non-vault monster count
 E = Vault monster count
 F = Vault count percentage of total count
                 A         B        C        D         E       F
            +---------+---------+-------+---------+---------+-------
      Total |      56 |       4 |   6.7 |      30 |       2 |   6.2
            +---------+---------+-------+---------+---------+-------
        D:1 |      27 |       0 |   0.0 |      19 |       0 |   0.0
        D:2 |      29 |       4 |  12.1 |      11 |       2 |  15.4
            +---------+---------+-------+---------+---------+-------
